AoeStats
← NuMa | JuanMan

Black Forest

505270717Analyzed
1v1 RM · 24d ago on Sep 8, 2026· 45m 31s· 2 players
Game mode
Random Map
Map size
Tiny (2 player)
Population
200
Speed
Normal
Resources
Standard
Victory
Conquest
Starting age
Dark Age
Ending age
Imperial Age
RankedLock teamsTeams togetherTeam positionsShared explorationLock speedFull tech treeHidden civsTurbo modeCheats
Victory
Defeat
🇨🇴 Japanese · Colombia
1564
+19
🇨🇭 Malay · Switzerland
1623
-19
NuMa | JuanMan
3:59 Loom
6:51 Loom
9:21 Feudal Age
9:24 Man-at-Arms
10:27 Arson
15:11 Double-Bit Axe
16:48 Horse Collar
18:18 Fletching
23:49 Castle Age
26:07 Bodkin Arrow
29:56 Imperial Age
28:04 Bow Saw
28:08 Gold Mining
28:58 Heavy Plow
29:57 Scale Mail Armor
30:07 Forging
31:31 Chain Mail Armor
32:51 Two-Man Saw
34:57 Iron Casting
35:57 Kataparuto
37:07 Plate Mail Armor
36:53 Elite Skirmisher
40:21 Blast Furnace
40:53 Ballistics
40:37 Padded Archer Armor
42:09 Leather Archer Armor
43:35 Bracer
44:33 Ring Archer Armor
th3g3ntl3man
0:57 Loom
7:18 Loom
9:53 Feudal Age
9:35 Double-Bit Axe
10:07 Horse Collar
12:21 Wheelbarrow
18:45 Fletching
23:30 Town Watch
27:20 Padded Archer Armor
29:38 Castle Age
27:51 Gold Mining
28:11 Horse Collar
29:10 Bodkin Arrow
32:16 Crossbowman
34:16 Bow Saw
35:16 Padded Archer Armor
35:23 Thumb Ring
37:21 Hand Cart
37:50 Leather Archer Armor
41:15 Imperial Age
40:31 Leather Archer Armor
40:39 Ballistics
40:59 Bracer
43:40 Chemistry
42:43 Arbalester
44:35 Ring Archer Armor
Connection lost

Rejoining the realm…

Still unreachable

The connection could not be restored.

Session expired

The server has moved on; the page needs a fresh start.